 Dungeon Crawl Stone Soup version 0.27-a0-1139-g28e009f8a6 (webtiles) character file.

Game seed: 17832558798572362878

44 smalleywall the Chiller (level 3, -4/19 HPs)
             Began as a Deep Elf Ice Elementalist on May 7, 2021.
             Slain by a worm (8 damage)
             ... on level 2 of the Dungeon.
             The game lasted 00:03:21 (1669 turns).

smalleywall the Chiller (Deep Elf Ice Elementalist) Turns: 1669, Time: 00:03:22

Health: -4/19      AC:  2    Str:  5    XL:     3   Next: 41%
Magic:  7/10       EV: 13    Int: 20    God:
Gold:   37         SH:  0    Dex: 15    Spells: 5/9 levels left

rFire    . . .     SeeInvis .   d - +0 quarterstaff
rCold    . . .     Faith    .   (shield currently unavailable)
rNeg     . . .     Spirit   .   a - +0 robe
rPois    .         Reflect  .   (no helmet)
rElec    .         Harm     .   (no cloak)
rCorr    .         Rampage  .   (no gloves)
Will     .....                  (no boots)
Stlth    ++........             (no amulet)
HPRegen  0.06/turn              (no ring)
MPRegen  0.12/turn              (no ring)

@: no status effects
A: no striking features
a: no special abilities


You were on level 2 of the Dungeon.
You visited 1 branch of the dungeon, and saw 2 of its levels.

You collected 37 gold pieces.

Inventory:

Hand Weapons
 d - a +0 quarterstaff (weapon)
Armour
 a - a +0 robe (worn)
Magical Staves
 f - a staff of fire
Jewellery
 g - a +4 ring of evasion
Scrolls
 b - a scroll of enchant armour {unknown}
 c - a scroll of acquirement {unknown}
 e - 2 scrolls of identify {unknown}
 h - a scroll of amnesia {unknown}
Potions
 i - a potion of curing {unknown}


   Skills:
 + Level 3.3 Dodging
 - Level 2.4 Stealth
 + Level 3.9 Spellcasting
 + Level 4.9 Ice Magic


You had 5 spell levels left.
You knew the following spells:

 Your Spells              Type           Power      Damage    Failure   Level
a - Freeze                Ice            92%        1d10      1%          1
b - Frozen Ramparts       Ice            46%        1d6       5%          3

Your spell library contained the following spells:

 Spells                   Type           Power      Damage    Failure   Level
 Ozocubu's Armour         Ice            23%        N/A       5%          3
 Magic Dart               Conj           12%        1d3       13%         1
 Searing Ray              Conj           6%         3d3       21%         2
 Dazzling Flash           Conj/Hex       6%         N/A       36%         3
 Hailstorm                Conj/Ice       13%        3d5       43%         4
 Fulminant Prism          Conj/Hex       1%         3d6       78%         4
 Iskenderun's Mystic Bla  Conj/Tloc      3%         2d3       78%         4
 Metabolic Englaciation   Hex/Ice        6%         N/A       78%         5


Dungeon Overview and Level Annotations

Branches:
Dungeon (2/15)

Altars:


Message History

You can't see any susceptible monsters within range! (Use Z to cast anyway.)
Casting: Freeze (safe; 1% risk of failure)
Confirm with . or Enter, or press ? or * to list all spells.
Aiming: Freeze (safe; 1% risk of failure)
Press: ? - help, Shift-Dir - straight line, f - quokka
Aim: a quokka (asleep)
You freeze the quokka!
You kill the quokka!
A worm is nearby!
Found a scale mail and 25 arrows.
Found 6 boomerangs.
The worm bites you!
You hit the worm.
The worm is moderately wounded.
The worm bites you.
Casting: Freeze (safe; 1% risk of failure)
Confirm with . or Enter, or press ? or * to list all spells.
Aiming: Freeze (safe; 1% risk of failure)
Press: ? - help, Shift-Dir - straight line, f - worm
Aim: a worm (moderately wounded)
You freeze the worm.
The worm is moderately wounded.
Casting: Freeze (safe; 1% risk of failure)
Confirm with . or Enter, or press ? or * to list all spells.
Aiming: Freeze (safe; 1% risk of failure)
Press: ? - help, Shift-Dir - straight line, f/p - worm
Aim: a worm (moderately wounded)
You freeze the worm.
The worm is heavily wounded.
The worm bites you!
* * * LOW HITPOINT WARNING * * *
Casting: Freeze (safe; 1% risk of failure)
Confirm with . or Enter, or press ? or * to list all spells.
Aiming: Freeze (safe; 1% risk of failure)
Press: ? - help, Shift-Dir - straight line, f/p - worm
Aim: a worm (heavily wounded)
You freeze the worm.
The worm is heavily wounded.
The worm bites you!
You die...

######## #### ..(.....
###.... ........
.#.###.####......(.
...................
#.##.####..#w...... ##
#.##.......@# ..
###.##.##.......P#...[
#..........P.$.....#
..##..#..........#.#
#.##.#.#...P..#.#
#.#..#.#..P...# #
####...##.#.####.P..
......###.... ......
##.#### #.### ##...


You could see a worm.

Vanquished Creatures
  An adder (D:2)
  2 worms (D:2)
  A dart slug (D:1)
  3 endoplasms
  2 goblins (D:2)
  3 hobgoblins
  4 jackals (D:1)
  A quokka (D:2)
  A bat (D:1)
  2 frilled lizards
  2 kobolds (D:1)
  4 rats
26 creatures vanquished.

Vanquished Creatures (others)
  2 plants (D:2)
2 creatures vanquished.

Grand Total: 28 creatures vanquished

Notes
Turn   | Place    | Note
-------+----------+-------------------------------------------
     0 | D:1      | smalleywall the Deep Elf Ice Elementalist began the quest
                  | for the Orb.
     0 | D:1      | Reached XP level 1. HP: 10/10 MP: 6/6
   146 | D:1      | Found a faded altar of an unknown god.
   489 | D:1      | Reached XP level 2. HP: 14/15 MP: 5/8
  1358 | D:2      | Reached XP level 3. HP: 17/19 MP: 5/10
  1362 | D:2      | Learned a level 3 spell: Frozen Ramparts
  1669 | D:2      | Slain by a worm

Illustrated notes

Levels and vault maps discovered:
D:1:      minmay_arrival_five_plusses, layout_loops_ring,
          hellmonk_ecumenical_altar_arch_garden
D:2:      cheibrodos_old_hovel, layout_rooms, item_on_display_a

Skill      XL: |  1  2 |
---------------+-------+-----
Dodging        | 3 |  3.3
Stealth        | |  2.4
Spellcasting   | |  3.9
Ice Magic      | |  4.9

Action                   || total
-------------------------++-------
Melee: Unarmed           ||     3
       Quarterstaff      ||     6
 Cast: Freeze            ||    45
 Stab: Sleeping          ||     2
Armor: Robe              ||     6
Dodge: Dodged            ||    25

Table legend: (Time is in decaauts)
 A = Elapsed time spent in this place.
 B = Non-inter-level travel time spent in this place.
 C = Inter-level travel time spent in this place.
 D = Time resting spent in this place.
 E = Time spent auto-exploring this place.
 F = Levels seen in this place.
 G = Mean time per level.
                   A        B        C        D        E       F      G
               +--------+--------+--------+--------+--------+-----+--------+
         Total |   1670 |   1622 |     48 |      0 |   1450 |   2 |  835.0 |
       Dungeon |   1670 |   1622 |     48 |      0 |   1450 |   2 |  835.0 |
               +--------+--------+--------+--------+--------+-----+--------+

Top non-repeatable levels by time:
     D:1: 1190 daAuts
     D:2: 479 daAuts
